 Dungeon Crawl Stone Soup version 0.28-a0-984-g3775c66 (webtiles) character file.

Game seed: 17484788405077882980

5243 ChiliFlavouring the Grappler (level 10, -9/94 (100) HPs)
             Began as a Troll Berserker on Dec 3, 2021.
             Was an Elder of Trog.
             Mangled by a yak (14 damage)
             ... on level 7 of the Dungeon.
             The game lasted 00:30:41 (7359 turns).

ChiliFlavouring the Grappler (Troll Berserker)      Turns: 7359, Time: 00:30:41

HP:   -9/94 (100)   AC:  4    Str: 29    XL:     10   Next: 36%
MP:   14/14         EV: 25    Int:  3    God:    Trog [****..]
Gold: 318           SH:  0    Dex: 11    Spells: 9/9 levels left

rFire   . . .      SeeInvis .     - Unarmed
rCold   + . .      Faith    .   (no shield)
rNeg    . . .      Spirit   .   a - +0 animal skin
rPois   .          Reflect  .   (helmet restricted)
rElec   .          Harm     .   (no cloak)
rCorr   .          Rampage  .   (gloves unavailable)
Will    .....                   (boots unavailable)
Stlth   +.........              n - amulet of the acrobat
HPRegen 1.05/turn               d - +4 ring of slaying
MPRegen 0.14/turn               D - ring of protection from cold

@: acrobatic, drained
A: large, unfitting armour, claws 3, regeneration 1, shaggy fur 1, tough skin 1
a: Renounce Religion, Berserk, Trog's Hand, Brothers in Arms


You were on level 7 of the Dungeon.
You worshipped Trog.
Trog was greatly pleased with you.
You visited 1 branch of the dungeon, and saw 8 of its levels.
You also visited: Sewer.

You collected 388 gold pieces.
You spent 70 gold pieces at shops.

Inventory:

Missiles
 f - 101 stones (quivered)
 g - a throwing net
 o - 3 boomerangs of dispersal
Armour
 a - a +0 animal skin (worn)
 l - a +0 ring mail
Jewellery
 d - a +4 ring of slaying (left claw)
 h - a +6 ring of intelligence
 n - an amulet of the acrobat (around neck)
 A - an amulet of regeneration
 D - a ring of protection from cold (right claw)
Wands
 k - a wand of mindburst (17)
 y - a wand of iceblast (20)
Scrolls
 b - a scroll of noise
 c - 10 scrolls of identify
 i - a scroll of vulnerability {unknown}
 j - 2 scrolls of torment {unknown}
 v - a scroll of teleportation {unknown}
 x - 2 scrolls of enchant weapon {unknown}
 B - 4 scrolls of fog
 C - a scroll of magic mapping {unknown}
 E - a scroll of immolation {unknown}
 H - a scroll of summoning {unknown}
Potions
 e - 4 potions of brilliance
 m - 2 potions of invisibility
 p - a potion of magic {unknown}
 q - a potion of resistance
 r - 2 potions of haste
 s - a potion of might {unknown}
 t - a potion of mutation {unknown}
 u - a potion of heal wounds
 w - 2 potions of curing {unknown}
 z - a potion of flight {unknown}
 F - a potion of lignification {unknown}
 G - a potion of degeneration {unknown}


   Skills:
 + Level 6.9 Fighting
 + Level 6.9 Throwing
 - Level 2.4 Dodging
 + Level 8.3 Unarmed Combat
 + Level 7.0 Invocations


You had 9 spell levels left.
You didn't know any spells.
Your spell library was empty.

Dungeon Overview and Level Annotations

Branches:
Dungeon (8/15)             Temple (0/1) D:5           Sewer (visited)
   Lair: D:8-11

Altars:
Dithmenos
Makhleb
Qazlal
Sif Muna
Trog
The Shining One

Shops:
D:4 !   D:7 *


Innate Abilities, Weirdness & Mutations

You are too large for most types of armour.
You have claws for hands.
Your natural rate of healing is unusually fast.
You are covered in fur. (AC +1)
You have tough skin. (AC +1)


Message History

You start resting.
HP restored.
You see here a +0 rapier.
There is a stone staircase leading down here.
You climb downwards.
The yak gores you!
The wight hits you with a +3 morningstar.
There is a stone staircase leading up, spattered with blood here.
You claw the yak!
The yak is heavily wounded.
The yak gores you!
The wight hits you with a +3 morningstar!
You claw the yak!
The yak is almost dead.
The wight barely misses you. The yak gores you!
The wight hits you but does no damage.
You scratch the yak.
The yak is almost dead.
The wight hits you from afar with a +3 spear of freezing.
The wight freezes you. The yak gores you.
The wight hits you with a +3 morningstar!
You feel drained.
You are too injured to fight recklessly!
The wight hits you from afar with a +3 spear of freezing!
* * * LOW HITPOINT WARNING * * *
The wight freezes you.
* * * LOW HITPOINT WARNING * * *
The yak gores you.
* * * LOW HITPOINT WARNING * * *
The wight hits you with a +3 morningstar!
* * * LOW HITPOINT WARNING * * *
You feel drained.
* * * LOW HITPOINT WARNING * * *
You climb upwards.
There is a stone staircase leading down here.
Okay, then.
Press: ? - help, v - describe, . - travel
Here: a wight, wielding a +3 morningstar and wearing a +0 robe The floor.
The yak gores you!
You die...

#.#...........####
#................#
#..#...........#.####
#..#.#.......#.#.....
#..#.#.#...#.#.#.....
#..#.#.#.#.#.#.#.####
#..#.#.#.#.#.#.#..# #
#..#.#.#...#.#.#..# #
#..#@#.......#.#..# #
##.#.Y.........#..# #
#...z...#........###
#####>.)...<........
#.#.#......#.##.
#.#.#......#.##.
#.#.†........##.
#.#......##..##.
#.#..........###


You could see a yak and a wight.

Vanquished Creatures
  Prince Ribbit (D:5)
  A slime creature (D:7)
  A wraith (D:7)
  5 yaks
  A basilisk (D:7)
  A steam dragon (D:7)
  A water moccasin (D:6)
  5 orc warriors (D:7)
  4 ice beasts
  A sky beast (D:5)
  2 hornet zombies
  5 necrophages
  3 ogres
  2 centaurs
  2 phantoms
  4 kobold brigands
  A scorpion (D:3)
  5 killer bees (D:5)
  2 wights (D:7)
  A howler monkey (D:6)
  2 centaur zombies
  A jelly (D:7)
  2 hounds (D:4)
  A centaur skeleton (D:7)
  A gnoll shaman (D:7)
  An orc priest (D:3)
  A bullfrog skeleton (D:7)
  Ijyb (D:5)
  Terence (D:2)
  2 orc wizards (D:7)
  Natasha (twice) (D:2)
  2 iguanas
  A hound zombie (D:5)
  A hound skeleton (D:4)
  A howler monkey zombie (D:7)
  5 gnolls (D:7)
  8 adders
  A river rat (D:4)
  2 shadow imps
  4 white imps
  3 ufetubi
  4 worms
  The ghost of dontdoit the Sneak, a weakling GrDe (D:5)
  4 dart slugs
  18 orcs
  11 ball pythons
  8 endoplasms
  2 giant cockroaches
  6 goblins
  7 hobgoblins
  3 jackals (D:2)
  3 quokkas
  6 bats
  8 frilled lizards
  22 kobolds
  12 rats
  A spectral kobold (D:1)
207 creatures vanquished.

Vanquished Creatures (others)
  A fungus (Sewer)
  A plant (Sewer)
2 creatures vanquished.

Grand Total: 209 creatures vanquished

Notes
Turn   | Place    | Note
-------+----------+-------------------------------------------
     0 | D:1      | ChiliFlavouring the Troll Berserker began the quest for the
                  | Orb.
     0 | D:1      | Reached XP level 1. HP: 22/22 MP: 0/0
   103 | D:1      | Reached XP level 2. HP: 27/29 MP: 1/1
   326 | D:1      | Found a faded altar of an unknown god.
   418 | D:1      | Reached skill level 1 in Throwing
   551 | D:1      | Reached skill level 1 in Invocations
   658 | D:1      | Reached XP level 3. HP: 36/36 MP: 2/2
   689 | D:2      | Reached ** piety under Trog
   849 | D:2      | Noticed Terence
   858 | D:2      | Killed Terence
  1010 | D:2      | Reached XP level 4. HP: 44/44 MP: 4/4
  1212 | D:2      | Noticed Natasha
  1219 | D:2      | Killed Natasha
  1312 | D:2      | Noticed Natasha
  1326 | D:2      | Killed Natasha
  1715 | D:3      | Reached XP level 5. HP: 53/53 MP: 5/5
  1869 | D:3      | Reached skill level 4 in Unarmed Combat
  1960 | D:3      | Found a stormy altar of Qazlal.
  2076 | D:3      | Found a bloodstained altar of Trog.
  2298 | D:4      | Reached XP level 6. HP: 61/61 MP: 6/6
  2349 | D:4      | Found Xaplacie's Distillery.
  2410 | D:4      | Reached *** piety under Trog
  2550 | D:4      | Found a glowing drain.
  2558 | Sewer    | Entered a sewer
  2695 | Sewer    | Reached XP level 7. HP: 51/68 MP: 8/8
  3253 | D:4      | Found a shimmering blue altar of Sif Muna.
  3359 | D:4      | Found a shadowy altar of Dithmenos.
  3528 | D:5      | Entered Level 5 of the Dungeon
  3591 | D:5      | Reached skill level 5 in Unarmed Combat
  3609 | D:5      | Found a glowing golden altar of the Shining One.
  3617 | D:5      | Noticed Ijyb
  3631 | D:5      | Killed Ijyb
  3654 | D:5      | Found a staircase to the Ecumenical Temple.
  3917 | D:5      | Reached **** piety under Trog
  4254 | D:5      | Found a transporter.
  4260 | D:5      | Found a transporter.
  4260 | D:5      | Noticed dontdoit's ghost (weakling GrDe)
  4264 | D:5      | Noticed Prince Ribbit
  4288 | D:5      | Killed Prince Ribbit
  4289 | D:5      | Reached XP level 8. HP: 79/79 MP: 8/10
  4688 | D:5      | Reached skill level 5 in Fighting
  4705 | D:5      | Reached skill level 6 in Unarmed Combat
  4786 | D:5      | Killed dontdoit's ghost
  4889 | D:4      | Bought a potion of heal wounds for 70 gold pieces
  5105 | D:6      | Reached skill level 5 in Throwing
  5105 | D:6      | Reached skill level 5 in Invocations
  5161 | D:6      | Reached XP level 9. HP: 82/88 MP: 11/11
  5201 | D:6      | Found a burning altar of Makhleb.
  5653 | D:7      | Found Tovi's Lightly-Used Armoury.
  6085 | D:7      | Reached skill level 7 in Unarmed Combat
  6986 | D:7      | Reached XP level 10. HP: 100/100 MP: 13/13
  7194 | D:7      | Reached skill level 8 in Unarmed Combat
  7243 | D:7      | HP: 1/98 [yak (15)]
  7355 | D:8      | HP: 1/94 [wight (4)]
  7359 | D:7      | Mangled by a yak

Illustrated notes

Levels and vault maps discovered:
D:1:      grunt_arrival_crossed_arrows, layout_basic,
          dreamdust_ecumenical_altar_drowned_temple
D:2:      layout_basic, uniq_natasha, uniq_terence
D:3:      layout_rooms, mainiacjoe_overflow_alcove_2, lightli_temple_of_fire,
          dk_noncrumbling_3
D:4:      layout_loops_ring, lemuel_blue_sif_altar,
          mainiacjoe_overflow_small_starburst, serial_shops, shop,
          lightli_sewer_entry_pipes
D:5:      layout_basic, nicolae_tso_carved_into_rock,
          minmay_temple_entry_mini_moons, gammafunk_ghost_hive,
          uniq_prince_ribbit1, uniq_ijyb
D:6:      layout_basic, mainiacjoe_overflow_chevrons
D:7:      kennysheep_windowed_halls, layout_basic, minmay_misc_feat_rows,
          minmay_shop_damaged, minmay_misc_feat_more_columns, minmay_checkerbox
D:8:      layout_rooms, serial_undead, serial_undead_f, serial_undead_d,
          serial_undead_f, serial_undead_e

Skill      XL: |  1  2  3  4  5  6  7  8  9 10 |
---------------+-------------------------------+-----
Throwing       | 1 2 3 4 5 6 |  6.9
Invocations    | 1 2 3 4 5 6 7 |  7.0
Fighting       | 3 4 5 6 |  6.9
Unarmed Combat | 4 5 6 7 8 |  8.3
Dodging        | |  2.4

Action                   |  1- 3 |  4- 6 |  7- 9 | 10-12 || total
-------------------------+-------+-------+-------+-------++-------
Melee: Unarmed           |   112 |   168 |   300 |    49 ||   629
       Punch             |     2 |     1 |    12 |     2 ||    17
Throw: Stone             |       |     6 |    15 |       ||    21
Invok: Berserk           |     1 |     1 |     8 |     1 ||    11
       Trog's Hand       |       |       |     3 |     1 ||     4
  Use: Potion            |       |       |     6 |       ||     6
       Scroll            |       |       |     3 |       ||     3
 Stab: Sleeping          |     1 |       |       |       ||     1
Armor: Animal skin       |    42 |    48 |    51 |     8 ||   149
Dodge: Dodged            |    67 |    57 |   187 |    33 ||   344

Table legend: (Time is in decaauts)
 A = Elapsed time spent in this place.
 B = Non-inter-level travel time spent in this place.
 C = Inter-level travel time spent in this place.
 D = Time resting spent in this place.
 E = Time spent auto-exploring this place.
 F = Levels seen in this place.
 G = Mean time per level.
                   A        B        C        D        E       F      G
               +--------+--------+--------+--------+--------+-----+--------+
         Total |   7463 |   7104 |    359 |   1216 |   4177 |   9 |  829.2 |
       Dungeon |   6968 |   6609 |    359 |   1041 |   3994 |   8 |  871.0 |
         Sewer |    494 |    494 |      0 |    174 |    182 |   1 |  494.0 |
               +--------+--------+--------+--------+--------+-----+--------+

Top non-repeatable levels by time:
     D:7: 1807 daAuts
     D:5: 1299 daAuts
     D:2: 1006 daAuts
     D:4: 906 daAuts
     D:1: 681 daAuts
     D:6: 632 daAuts
     D:3: 617 daAuts
   Sewer: 494 daAuts
     D:8: 18 daAuts
